 Dungeon Crawl Stone Soup version 0.29.1-1-gd02db6906a (webtiles) character file.

Game seed: 15719565335961498888

15 Jakudza the Gusty (level 2, 0/15 HPs)
             Began as a Tengu Air Elementalist on Sept 16, 2022.
             Frozen to death by an endoplasm (4 damage)
             ... on level 1 of the Dungeon.
             The game lasted 00:02:10 (471 turns).

Jakudza the Gusty (Tengu Air Elementalist)           Turns: 471, Time: 00:02:11

Health: 0/15       AC:  2    Str:  8    XL:     2   Next: 50%
Magic:  1/6        EV: 12    Int: 15    God:
Gold:   41         SH:  0    Dex: 14    Spells: 4/5 levels left

rFire   . . .      SeeInvis .   e - +0 whip
rCold   . . .      Faith    .   (no shield)
rNeg    . . .      Spirit   .   a - +0 robe
rPois   .          Reflect  .   (helmet restricted)
rElec   .          Harm     .   (no cloak)
rCorr   .          Rampage  .   (no gloves)
Will    .....                   (boots unavailable)
Stlth   ++........              (no amulet)
HPRegen 0.05/turn               (no ring)
MPRegen 0.10/turn               (no ring)

@: very slightly contaminated
A: beak, talons 3
a: no special abilities


You were on level 1 of the Dungeon.
You visited 1 branch of the dungeon, and saw 1 of its levels.

You collected 41 gold pieces.

Inventory:

Hand Weapons
 e - a +0 whip (weapon)
Armour
 a - a +0 robe (worn)
Potions
 b - a potion of magic
 c - a potion of ambrosia
 d - a potion of degeneration {unknown}


   Skills:
 + Level 0.2 Fighting
 + Level 2.4 Dodging
 - Level 2.1 Stealth
 * Level 2.2 Spellcasting
 + Level 1.8 Conjurations
 * Level 4.3 Air Magic


You had 4 spell levels left.
You knew the following spells:

 Your Spells              Type           Power      Damage    Failure   Level
a - Shock                 Conj/Air       40%        1d5       6%          1

Your spell library contained the following spells:

 Spells                   Type           Power      Damage    Failure   Level
 Static Discharge         Conj/Air       10%        3-5/arc   10%         2
 Swiftness                Air            14%        N/A       11%         3
 Airstrike                Air            7%         2d(1-17)  36%         4


Dungeon Overview and Level Annotations

Branches:
Dungeon (1/15)

Altars:


Innate Abilities, Weirdness & Mutations

You have a beak for a mouth.
You have claws for feet.


Message History

The zap misses the ball python. x2; The zap misses you.
The ball python barely misses you. The ball python grabs you.
The ball python constricts you. That beam is likely to hit you.
Continue anyway? [Y]es or [N]o only, please.
That beam is likely to hit you.
Continue anyway? [Y]es or [N]o only, please.
That beam is likely to hit you.
Continue anyway?
Uppercase [Y]es or [N]o only, please.
That beam is likely to hit you.
Continue anyway?
You miscast Shock.
You are very lightly contaminated with residual magic.
Nothing appears to happen.
The ball python bites you. The ball python constricts you.
That beam is likely to hit you.
Continue anyway?
You miscast Shock.
Nothing appears to happen.
The ball python bites you. The ball python constricts you.
A kobold comes into view. It is wielding a +0 dagger.
The endoplasm hits you but does no damage.
That beam is likely to hit you.
Continue anyway?
The zap misses the ball python.
The zap hits the ball python.
The ball python is moderately wounded.
The zap hits you. The ball python bites you. The ball python constricts you.
The endoplasm hits you but does no damage.
You barely miss the ball python.
The ball python is moderately wounded.
The ball python bites you but does no damage.
The ball python constricts you. The endoplasm closely misses you.
The ball python bites you. The ball python constricts you.
* * * LOW HITPOINT WARNING * * *
You barely miss the ball python.
The ball python is moderately wounded.
The endoplasm hits you.
* * * LOW HITPOINT WARNING * * *
The ball python barely misses you. The ball python constricts you.
You hit the ball python.
You kill the ball python!
The endoplasm freezes you.
You are frozen.
You die...

#..........# #.....
######....####.....
#######...####.......(
###................##...
#.......###......†.)....
#...#.....#........####.
#.. #...#.#.............
#...###.#.#.####.......#
#..>..J@...............+
###.###K#...####.......#
..#...# #.......# .###
..# ######### #. #... #
+##.


You could see an endoplasm and a kobold.

Vanquished Creatures
  A ball python (D:1)
  3 endoplasms (D:1)
  A giant cockroach (D:1)
  3 goblins (D:1)
  A hobgoblin (D:1)
  2 bats (D:1)
  2 kobolds (D:1)
  A rat (D:1)
  3 toadstools (D:1)
17 creatures vanquished.

Vanquished Creatures (others)
  A toadstool (D:1)
1 creature vanquished.

Grand Total: 18 creatures vanquished

Notes
Turn   | Place    | Note
-------+----------+-------------------------------------------
     0 | D:1      | Jakudza the Tengu Air Elementalist began the quest for the
                  | Orb.
     0 | D:1      | Reached XP level 1. HP: 10/10 MP: 4/4
   198 | D:1      | Reached XP level 2. HP: 15/15 MP: 4/6
   471 | D:1      | Frozen to death by an endoplasm

Illustrated notes

Levels and vault maps discovered:
D:1:      ldierk_water_garden, layout_basic,
          hellmonk_ecumenical_altar_pennies_from_heaven, minmay_tetromino_t2

Action                   || total
-------------------------++-------
Melee: Unarmed           ||     7
       Kick              ||     3
       Peck              ||     2
       Whip              ||     3
 Cast: Shock             ||    32
  Use: Scroll            ||     2
Armor: Robe              ||     3
Dodge: Dodged            ||     7
